 Dungeon Crawl Stone Soup version 0.28-a0-657-g71136c5590 (webtiles) character file.

Game seed: 13759000970326602161

54 KoroneIsBestGirl the Shield-Bearer (level 4, 0/32 (37) HPs)
             Began as a Formicid Fighter on Oct 14, 2021.
             Slain by a goblin (2 damage)
             ... on level 2 of the Dungeon.
             The game lasted 00:01:14 (1403 turns).

KoroneIsBestGirl the Shield-Bearer (FoFi)           Turns: 1403, Time: 00:01:15

HP:   0/32 (37)     AC:  7    Str: 21    XL:     4   Next: 12%
MP:   4/4           EV:  9    Int:  8    God:
Gold: 67            SH:  4    Dex: 10    Spells: 3/3 levels left

rFire   . . .      SeeInvis +   a - +0 long sword
rCold   . . .      Faith    .   c - +0 buckler
rNeg    . . .      Spirit   .   b - +0 scale mail
rPois   .          Reflect  .   (helmet unavailable)
rElec   .          Harm     .   (no cloak)
rCorr   .          Rampage  .   (no gloves)
Will    .....                   (no boots)
Stlth   ..........              (no amulet)
HPRegen 0.10/turn               (no ring)
MPRegen 0.09/turn               (no ring)

@: mighty, lethally poisoned (0 -> -10), heavily drained
A: permanent stasis, dig shafts and tunnels, antennae 3, four strong arms
a: Dig, Shaft Self


You were on level 2 of the Dungeon.
You visited 1 branch of the dungeon, and saw 2 of its levels.

You collected 67 gold pieces.

Inventory:

Hand Weapons
 a - a +0 long sword (weapon)
Armour
 b - a +0 scale mail (worn)
 c - a +0 buckler (worn)
Scrolls
 e - 3 scrolls of vulnerability {unknown}
 f - a scroll of fog {unknown}
Potions
 d - a potion of might
 g - a potion of heal wounds {unknown}
 h - a potion of degeneration {unknown}


   Skills:
 + Level 3.8 Fighting
 + Level 2.6 Long Blades
 + Level 3.8 Armour
 + Level 4.2 Shields


You had 3 spell levels left.
You didn't know any spells.
Your spell library contained the following spells:

 Spells                   Type           Power      Damage    Failure   Level
 Magic Dart               Conj           0%         1d3       75%         1
 Call Imp                 Summ           0%         N/A       86%         2
 Mephitic Cloud           Conj/Pois/Air  0%         N/A       98%         3


Dungeon Overview and Level Annotations

Branches:
Dungeon (2/15)

Altars:

Annotations:
D:2 Ijyb


Innate Abilities, Weirdness & Mutations

You cannot be hasted, slowed, berserked, paralysed or teleported.
You can dig through walls and to a lower floor.
You have a pair of large antennae on your head. (SInv)
Your four strong arms can wield two-handed weapons with a shield.


Message History

You kill the goblin!
The goblin hits you with a +1 dagger of venom.
You are poisoned.
You block the goblin's attack.
You closely miss the goblin.
You feel very sick. The goblin hits you but does no damage.
You feel drained. The goblin hits you but does no damage.
The goblin barely misses you.
Ijyb zaps a wand.
The puff of flame hits you.
You hit the goblin.
The goblin is heavily wounded.
You feel sick. You block the goblin's attack. The goblin barely misses you.
You block the goblin's attack.
Ijyb zaps a wand.
The puff of flame hits you!
The goblin hits you with a +1 dagger of draining.
You feel drained.
You hit the goblin but do no damage.
The goblin is heavily wounded.
You feel sick. The goblin hits you but does no damage.
The goblin hits you with a +1 dagger of venom.
The goblin hits you but does no damage.
The goblin hits you with a +1 dagger of draining.
You feel drained. You block the goblin's attack.
The goblin hits you but does no damage.
You are more poisoned.
Ijyb zaps a wand.
The puff of flame hits you.
You feel very mighty all of a sudden.
* * * LOW HITPOINT WARNING * * *
You feel sick. The goblin hits you but does no damage.
The goblin closely misses you.
The goblin hits you but does no damage. x2
You are lethally poisoned!
Ijyb hits you with a +0 club.
* * * LOW HITPOINT WARNING * * *
You slash Ijyb!
Ijyb is severely wounded.
* * * LOW HITPOINT WARNING * * *
You feel very sick. The goblin hits you but does no damage.
The goblin closely misses you. The goblin hits you but does no damage.
The goblin hits you with a +1 dagger of venom.
You die...

.................................
####..#.....#....................
#.>.......##############......
#..#......###..8.8.8. #.####.
#..#........<........{ #.# #.
.....#####..##........ #.# #.
......#####..##.!...... {#.# #.
...............gg...... #.# #.
............#@g......{ #..
...######.#gg8.8.8. #.# ..
#.#..###### #.# #..... ##...##
....# ##..# #..#


You could see Ijyb and 4 goblins.

Vanquished Creatures
  An adder (D:2)
  A worm (D:2)
  3 bats
  6 endoplasms
  2 giant cockroaches (D:1)
  6 goblins
  A hobgoblin (D:1)
  3 jackals (D:1)
  4 kobolds (D:1)
  5 ball pythons
  A frilled lizard (D:2)
  4 rats (D:1)
37 creatures vanquished.

Notes
Turn   | Place    | Note
-------+----------+-------------------------------------------
     0 | D:1      | KoroneIsBestGirl the Formicid Fighter began the quest for
                  | the Orb.
     0 | D:1      | Reached XP level 1. HP: 18/18 MP: 1/1
    74 | D:1      | Reached XP level 2. HP: 22/24 MP: 2/2
   301 | D:1      | Reached XP level 3. HP: 7/29 MP: 3/3
   303 | D:1      | Reached skill level 4 in Shields
   868 | D:1      | Found a faded altar of an unknown god.
  1291 | D:2      | Reached XP level 4. HP: 30/37 MP: 4/4
  1394 | D:2      | Noticed Ijyb
  1403 | D:2      | Slain by a goblin

Illustrated notes

Levels and vault maps discovered:
D:1:      minmay_arrival_up_and_down, layout_loops_ring,
          shapermc_ecumenical_altar_mp_vishouse, minmay_octomino_e4
D:2:      kennysheep_the_goblin_king, layout_basic

Skill      XL: |  1  2  3 |
---------------+----------+-----
Shields        | 4 |  4.2
Fighting       | |  3.8
Long Blades    | |  2.6
Armour         | |  3.8

Action                   |  1- 3 |  4- 6 || total
-------------------------+-------+-------++-------
Melee: Long sword        |   116 |     9 ||   125
  Use: Potion            |       |     1 ||     1
Armor: Scale mail        |    79 |    11 ||    90
Dodge: Dodged            |    80 |     7 ||    87
Block: Buckler           |    28 |     4 ||    32

Table legend: (Time is in decaauts)
 A = Elapsed time spent in this place.
 B = Non-inter-level travel time spent in this place.
 C = Inter-level travel time spent in this place.
 D = Time resting spent in this place.
 E = Time spent auto-exploring this place.
 F = Levels seen in this place.
 G = Mean time per level.
                   A        B        C        D        E       F      G
               +--------+--------+--------+--------+--------+-----+--------+
         Total |   1438 |   1434 |      4 |      0 |   1151 |   2 |  719.0 |
       Dungeon |   1438 |   1434 |      4 |      0 |   1151 |   2 |  719.0 |
               +--------+--------+--------+--------+--------+-----+--------+

Top non-repeatable levels by time:
     D:1: 1164 daAuts
     D:2: 274 daAuts
